 Dungeon Crawl Stone Soup version 0.27-a0-765-ge4d627daa3 (webtiles) character file.

Game seed: 13703438800830414477

39736 spiderkeys the Impaler (level 13, -6/119 HPs)
             Began as a Minotaur Berserker on Mar 25, 2021.
             Was a High Priest of Trog.
             Mangled by a bone dragon (20 damage)
             ... on level 2 of the Abyss.
             The game lasted 00:21:06 (12847 turns).

spiderkeys the Impaler (Minotaur Berserker)        Turns: 12847, Time: 00:21:07

Health: -6/119     AC: 15    Str: 24      XL:     13   Next: 70%
Magic:  8/8        EV: 14    Int: -2 (0)  God:    Trog [*****.]
Gold:   494        SH: 11    Dex:  8 (9)  Spells: 12/12 levels left

rFire    . . .     SeeInvis +   w - +3 trident (flame)
rCold    . . .     Faith    .   a - +0 kite shield
rNeg     . . .     Spirit   .   k - +0 chain mail
rPois    .         Reflect  .   (helmet restricted)
rElec    .         Harm     .   (no cloak)
rCorr    .         Rampage  .   (no gloves)
Will     .....     Rnd*Rage +   C - +1 pair of boots
Stlth    ..........             y - amulet of regeneration
HPRegen  1.29/turn              b - +4 ring of protection
MPRegen  0.11/turn              l - ring "Katomalu" {EV+4 SInv}

@: slowed, lost intelligence, very slow
A: horns 2, retaliatory headbutt, [berserk 3], [blurry vision 3], [deformed
body], [deterioration 2], [dopey 2], [low mp 3], [weak 2], [no potion heal 2],
[subdued magic 3]
a: Renounce Religion, Berserk, Trog's Hand, Brothers in Arms


You were on level 2 of the Abyss.
You worshipped Trog.
Trog was extremely pleased with you.
You visited 1 branch of the dungeon, and saw 13 of its levels.
You visited the Abyss 1 time.
You also visited: Bailey.

You collected 793 gold pieces.
You spent 299 gold pieces at shops.

Inventory:

Hand Weapons
 i - a +4 halberd
 m - a +2 halberd of electrocution
 w - a +3 trident of flaming (weapon)
Armour
 a - a +0 kite shield (worn)
 k - a +0 chain mail (worn)
 C - a +1 pair of boots (worn)
 F - a +0 pair of gloves
Jewellery
 b - a +4 ring of protection (right hand)
 l - the ring "Katomalu" (left hand) {EV+4 SInv}
   (You acquired it on level 9 of the Dungeon)

   [ring of evasion]

   It affects your evasion (+4).
   It lets you see invisible.
 y - an amulet of regeneration (around neck)
Wands
 B - a wand of polymorph (16)
 D - a wand of mindburst (22)
Scrolls
 c - 3 scrolls of fear
 h - a scroll of silence
 j - 6 scrolls of identify
 p - a scroll of fog
 s - a scroll of holy word
 v - 9 scrolls of teleportation
 x - a scroll of brand weapon
 z - 2 scrolls of enchant armour
Potions
 d - 2 potions of ambrosia
 e - 2 potions of invisibility
 f - 4 potions of curing
 g - 6 potions of attraction
 n - a potion of might
 o - 6 potions of haste
 q - 7 potions of magic
 r - 2 potions of cancellation
 t - 6 potions of mutation
 u - 3 potions of flight
 A - 4 potions of heal wounds
 E - 3 potions of berserk rage


   Skills:
 + Level 12.4 Fighting
 * Level 16.6 Polearms
 + Level 12.2 Armour
 + Level 10.6 Dodging
 + Level 9.3 Shields


You had 12 spell levels left.
You didn't know any spells.
Your spell library contained the following spells:

 Spells                   Type           Power      Damage    Failure   Level
 Animate Skeleton         Necr           0%         N/A       99%         1
 Corona                   Hex            0%         N/A       99%         1
 Magic Dart               Conj           0%         1d3       99%         1
 Pain                     Necr           0%         1d4       99%         1
 Blink                    Tloc           N/A        N/A       100%        2
 Call Imp                 Summ           0%         N/A       100%        2
 Ensorcelled Hibernation  Hex/Ice        0%         N/A       100%        2
 Slow                     Hex            0%         N/A       100%        2
 Confusing Touch          Hex            0%         N/A       100%        3
 Conjure Flame            Conj/Fire      0%         6-21      100%        3
 Dazzling Flash           Conj/Hex       0%         N/A       100%        3
 Gell's Gravitas          Tloc           0%         N/A       100%        3
 Mephitic Cloud           Conj/Pois/Air  0%         N/A       100%        3
 Tukima's Dance           Hex            0%         N/A       100%        3
 Vampiric Draining        Necr           0%         2d6       100%        3
 Animate Dead             Necr           0%         N/A       100%        4
 Petrify                  Tmut/Erth      0%         N/A       100%        4
 Agony                    Necr           0%         N/A       100%        5
 Metabolic Englaciation   Hex/Ice        0%         N/A       100%        5
 Yara's Violent Unravell  Hex/Tmut       0%         3d3       100%        5


Dungeon Overview and Level Annotations

Branches:
Dungeon (13/15)            Temple (0/1) D:6            Lair (0/6) D:8
    Orc (0/2) D:12         Vaults (0/5) D:13         Bailey (visited)

Altars:
Ashenzari
Elyvilon
Fedhas
Gozag
Hepliaklqana
Nemelex Xobeh
Okawaru
Qazlal

Shops:
D:3 ?   D:4 (   D:8 !:?


Innate Abilities, Weirdness & Mutations

You have a pair of horns on your head.
You reflexively headbutt those who attack you in melee.
[You have an uncontrollable temper.]
[Scrolls take you much longer to read.]
[Armour fits poorly on your strangely shaped body.]
[Your body often deteriorates upon taking damage.]
[You are very dopey. (Int -4)]
[Your magical capacity is extremely low. (-30% MP)]
[You are very weak. (Str -4)]
[Potions are poor at restoring your health.]
[Your spells are much easier to cast, but much less powerful.]


Message History

The thrashing horror tramples you.
You hold your ground!
The thrashing horror closely misses you.
The wretched star pulses with an eldritch light!
Your body twists and deforms.
The thrashing horror tramples you.
You hold your ground!
The thrashing horror misses you.
You block the thrashing horror's attack. x2
The thrashing horror misses you.
The thrashing horror tramples you but does no damage.
You block the thrashing horror's attack.
The thrashing horror closely misses you.
The thrashing horror roars!
The thrashing horror tramples you but does no damage. x2
A bone dragon comes into view.
The thrashing horror tramples you.
You hold your ground!
You block the thrashing horror's attack.
You barely miss the bone dragon.
The thrashing horror roars!
The thrashing horror tramples you but does no damage.
The thrashing horror closely misses you.
The small abomination hits you but does no damage.
The bone dragon bites you!
Your body deteriorates!
You feel dopey.
You block the bone dragon's attack. x2; The bone dragon bites you!!
* * * LOW HITPOINT WARNING * * *
The bone dragon claws you!
* * * LOW HITPOINT WARNING * * *
The bone dragon closely misses you.
The small abomination completely misses you.
Okay, then.
Your system partially rejects the healing.
You feel much better. The thrashing horror tramples you!
* * * LOW HITPOINT WARNING * * *
You hold your ground!
The thrashing horror barely misses you. The small abomination hits you!
* * * LOW HITPOINT WARNING * * *
You block the ufetubus's attack. The ufetubus misses you.
The thrashing horror closely misses you.
The thrashing horror barely misses you. The bone dragon bites you!!
You die...

#... #..#.. . ##.
....##.#... . .#.
#### ... ..#.#. ..
##.##.. .#..#...#
......###.5.X. .##.
# .##...##.# . #.3
...#.##..##.... #X5#
#..
......D#x##.#353*#.#
.## #@5Z#.x.#.##
#.3.# #X##3##### . 5
#* #..##..# ..3 .
####.#.# ####... ##
#. Z. #..#.#..?# #
...#. # ..).# #.....
...#.# ...#.. #.. #
..#... ....


You could see a bone dragon, a thrashing horror, a ynoxinul, a small
abomination, a fire dragon simulacrum and an ufetubus (summoned).

Vanquished Creatures
  3 vault guards
  3 centaur warriors (D:13)
  2 boulder beetles
  4 two-headed ogres
  A hell hog (Abyss:2)
  A large abomination (Abyss:2)
  Pikel (D:6)
  An orc knight (Bailey)
  2 deep elf pyromancers
  3 necromancers (D:13)
  A manticore (D:12)
  A cyclops (D:11)
  4 ugly things
  2 unseen horrors
  A gargoyle (D:11)
  A kobold demonologist (D:12)
  5 trolls
  Grinder (D:5)
  A hornet (D:10)
  6 slime creatures (D:12)
  3 shadows
  10 spriggans (D:8)
  A vampire (D:12)
  12 yaks
  2 wraiths
  A basilisk (D:12)
  3 steam dragons
  18 humans (D:13)
  7 vampire mosquitoes (D:11)
  Menkaure (D:6)
  3 acid dragons
  Edmund (D:5)
  3 small abominations (Abyss:2)
  5 orc warriors
  A black bear (shapeshifter) (D:12)
  A hornet zombie (D:8)
  3 ogres
  2 necrophages
  11 centaurs
  A kobold brigand (D:9)
  2 bullfrogs (D:6)
  A gnoll sergeant (D:8)
  2 wyvern skeletons
  22 killer bees
  A scorpion (D:5)
  A water moccasin skeleton (D:6)
  5 wights
  3 howler monkeys
  2 centaur zombies
  2 orc priests
  A hound (D:4)
  2 jellies (D:5)
  A bullfrog skeleton (D:6)
  A centaur skeleton (D:6)
  2 iguanas
  2 orc wizards
  Natasha (thrice) (D:4)
  3 worker ants
  2 killer bee zombies (D:8)
  Robin (D:3)
  A howler monkey zombie (D:8)
  18 gnolls
  A howler monkey skeleton (D:6)
  6 adders
  A shadow imp (D:7)
  4 white imps
  3 worms
  A dart slug (D:5)
  19 orcs
  An endoplasm (D:1)
  8 giant cockroaches
  25 goblins
  25 hobgoblins
  11 jackals
  3 quokkas
  9 ball pythons
  7 bats
  5 frilled lizards
  18 kobolds
  4 rats (D:2)
362 creatures vanquished.

Vanquished Creatures (collateral kills)
  A two-headed ogre (D:9)
  A troll (D:9)
  A centaur (D:9)
3 creatures vanquished.

Grand Total: 365 creatures vanquished

Notes
Turn   | Place    | Note
-------+----------+-------------------------------------------
     0 | D:1      | spiderkeys the Minotaur Berserker began the quest for the
                  | Orb.
     0 | D:1      | Reached XP level 1. HP: 19/19 MP: 0/0
   240 | D:1      | Reached XP level 2. HP: 20/27 MP: 1/1
   246 | D:1      | Reached skill level 4 in Polearms
   684 | D:1      | Reached ** piety under Trog
   897 | D:1      | Reached XP level 3. HP: 33/33 MP: 2/2
  1424 | D:2      | Reached XP level 4. HP: 40/40 MP: 3/3
  1676 | D:2      | Found a sparkling altar of Nemelex Xobeh.
  2089 | D:3      | Found Plog's Magic Scroll Boutique.
  2094 | D:3      | Bought a scroll of identify for 26 gold pieces
  2170 | D:3      | Found a stormy altar of Qazlal.
  2274 | D:3      | Noticed Robin
  2301 | D:3      | Reached skill level 5 in Polearms
  2310 | D:3      | Killed Robin
  2542 | D:3      | Reached *** piety under Trog
  2870 | D:3      | Reached XP level 5. HP: 47/47 MP: 4/4
  3057 | D:3      | Bought a scroll of identify for 26 gold pieces
  3057 | D:3      | Bought a scroll of identify for 26 gold pieces
  3057 | D:3      | Bought a scroll of identify for 26 gold pieces
  3169 | D:4      | Found Wotoc's Antique Weapon Shoppe.
  3467 | D:4      | Noticed Natasha
  3474 | D:4      | Killed Natasha
  3494 | D:4      | Noticed an ogre
  3506 | D:4      | Killed an ogre
  3507 | D:4      | Reached skill level 6 in Polearms
  3507 | D:4      | Reached XP level 6. HP: 55/55 MP: 5/5
  3560 | D:4      | Reached skill level 5 in Fighting
  3773 | D:4      | Noticed Natasha
  3779 | D:4      | Killed Natasha
  3818 | D:4      | Noticed Natasha
  3833 | D:4      | Killed Natasha
  3907 | D:5      | Entered Level 5 of the Dungeon
  3907 | D:5      | Noticed Edmund
  3928 | D:5      | Killed Edmund
  3929 | D:5      | Reached XP level 7. HP: 13/61 MP: 6/6
  3930 | D:5      | Reached skill level 7 in Polearms
  4544 | D:5      | Reached skill level 5 in Armour
  4755 | D:5      | Reached **** piety under Trog
  5033 | D:5      | Noticed Grinder
  5049 | D:5      | Killed Grinder
  5050 | D:5      | Reached skill level 8 in Polearms
  5050 | D:5      | Reached skill level 5 in Dodging
  5050 | D:5      | Reached XP level 8. HP: 70/70 MP: 7/7
  5314 | D:3      | Bought a scroll of teleportation for 39 gold pieces
  5732 | D:6      | Reached skill level 9 in Polearms
  5824 | D:6      | Found a staircase to the Ecumenical Temple.
  5835 | D:6      | Noticed Pikel
  5853 | D:6      | Killed Pikel
  5854 | D:6      | Reached XP level 9. HP: 79/79 MP: 8/8
  5949 | D:6      | Found a hazy altar of Hepliaklqana.
  5951 | D:6      | Found a blossoming altar of Fedhas.
  5953 | D:6      | Found an opulent altar of Gozag.
  5953 | D:6      | Found a white marble altar of Elyvilon.
  6050 | D:6      | Noticed Menkaure
  6054 | D:6      | Killed Menkaure
  6055 | D:6      | Reached skill level 10 in Polearms
  7090 | D:8      | Noticed a two-headed ogre
  7096 | D:8      | Killed a two-headed ogre
  7097 | D:8      | Reached skill level 11 in Polearms
  7114 | D:8      | Found Zawebb's Distillery.
  7146 | D:8      | Bought a potion of heal wounds for 60 gold pieces
  7146 | D:8      | Bought a potion of cancellation for 96 gold pieces
  7213 | D:8      | Found Cacy's Book Shoppe.
  7242 | D:8      | Found a staircase to the Lair.
  7297 | D:8      | Reached XP level 10. HP: 90/90 MP: 9/9
  7315 | D:8      | Found a flagged portal.
  7335 | Bailey   | Entered a bailey
  7342 | Bailey   | Reached ***** piety under Trog
  7405 | Bailey   | Noticed an orc knight
  7495 | Bailey   | Received a gift from Trog
  7515 | Bailey   | Killed an orc knight
  7820 | D:8      | Found Dossezym's Magic Scroll Shoppe.
  7960 | D:8      | Reached skill level 1 in Shields
  8022 | D:8      | Reached skill level 12 in Polearms
  8054 | D:8      | Noticed a two-headed ogre
  8059 | D:8      | Killed a two-headed ogre
  8516 | D:8      | Reached skill level 10 in Fighting
  8516 | D:8      | Reached skill level 13 in Polearms
  8516 | D:8      | Reached skill level 10 in Armour
  8516 | D:8      | Reached skill level 5 in Shields
  8516 | D:8      | Reached XP level 11. HP: 101/101 MP: 10/10
  8830 | D:9      | Noticed a two-headed ogre
  8846 | D:9      | Killed a two-headed ogre
  8847 | D:9      | Reached skill level 14 in Polearms
  8855 | D:9      | Reached XP level 12. HP: 108/108 MP: 11/11
  8858 | D:9      | Noticed a two-headed ogre
  8882 | D:9      | Killed a two-headed ogre
  9146 | D:9      | Found a broken altar of Ashenzari.
  9286 | D:9      | Identified a scroll of acquirement
  9286 | D:9      | Acquired the ring "Katomalu" {EV+4 SInv}
  9336 | D:10     | Entered Level 10 of the Dungeon
  9360 | D:10     | Identified the +3 robe of Nemelex Xobeh's Envy {*Corrode
                  | *Slow rN+ Str+5}
  9503 | D:10     | You fall into a shaft and drop 1 floor!
  9707 | D:10     | Received a gift from Trog
  9740 | D:10     | Found an iron altar of Okawaru.
 10199 | D:11     | Noticed a boulder beetle
 10217 | D:11     | Killed a boulder beetle
 10218 | D:11     | Reached skill level 15 in Polearms
 10606 | D:12     | Noticed a two-headed ogre
 10611 | D:12     | Killed a two-headed ogre
 10729 | D:12     | Found a staircase to the Orcish Mines.
 10762 | D:12     | Reached XP level 13. HP: 104/117 MP: 12/12
 11125 | D:12     | Reached skill level 10 in Dodging
 11875 | D:13     | Reached skill level 16 in Polearms
 11970 | D:13     | Found a gate to the Vaults.
 12628 | D:13     | Cast into level 2 of the Abyss (a wizard)
 12667 | Abyss:2  | Received a gift from Trog
 12817 | Abyss:2  | Identified the +6 arbalest of Midnight {vorpal, Fragile
                  | Str+4 Int+5}
 12822 | Abyss:2  | Lost intelligence.
 12845 | Abyss:2  | Noticed a bone dragon
 12847 | Abyss:2  | Mangled by a bone dragon

Illustrated notes

Levels and vault maps discovered:
D:1:      co_arrival_square_in_a_square_in_a_square, layout_basic,
          interstate_on_off, grunt_decor_fettered, minmay_misc_feat_five
D:2:      layout_loops_ring, overflow_temple_1_default, patterned_corridor
D:3:      layout_basic, nicolae_qazlal_scattered_showers, serial_shops,
          shop_scrolls, uniq_robin
D:4:      layout_gridville, serial_shops, nicolae_shop_crystal,
          minmay_misc_feat_chi, uniq_natasha
D:5:      layout_cave_pools, uniq_edmund, uniq_grinder
D:6:      layout_loops_cross, grunt_temple_overflow_open,
          minmay_temple_entry_stoned_glass, uniq_menkaure, uniq_pikel
D:7:      layout_basic, minivault_25
D:8:      kb_forest_paths, layout_basic, dpeg_oklobed_lair, enter_bailey_3,
          serial_shops, shop, nicolae_shop_window_shopping, shop
D:9:      cheibrodos_barr_body, layout_irregular_city, ashenzari_altar_1
D:10:     layout_cave_pools, minmay_misc_feat_room, okawaru_ov_weapons_minmay
D:11:     layout_roguey
D:12:     layout_stronghold, orc_0_dummy
D:13:     layout_roguey, grunt_vaults_entry_tiered, chequers_garden,
          lightli_wizard_tower
Abyss:2:  base: D:7, evilmike_abyss_exit_12

Skill      XL: |  1  2  3  4  5  6  7  8  9 10 11 12 13 |
---------------+----------------------------------------+-----
Polearms       | 4 5 6 8 9 11 13 14 15 16 | 16.6
Fighting       | 4 5 6 7 8 10 11 12 | 12.4
Armour         | 3 4 5 6 8 10 11 12 | 12.2
Dodging        | 3 4 5 6 7 8 9 10 | 10.6
Shields        | 5 6 8 9 |  9.3

Action                   |  1- 3 |  4- 6 |  7- 9 | 10-12 | 13-15 || total
-------------------------+-------+-------+-------+-------+-------++-------
Melee: Spear             |    97 |   197 |   312 |    25 |       ||   631
       Headbutt          |    11 |    27 |    59 |    77 |    47 ||   221
       Halberd           |       |       |       |   155 |       ||   155
       Trident           |       |       |       |   323 |   246 ||   569
Invok: Berserk           |       |     3 |     5 |     5 |     2 ||    15
       Trog's Hand       |       |       |       |     1 |     2 ||     3
       Brothers in Arms  |       |       |       |     1 |       ||     1
  Use: Scroll            |       |     6 |    13 |     7 |     2 ||    28
       Potion            |       |       |     1 |     1 |     1 ||     3
 Stab: Sleeping          |     1 |       |       |       |       ||     1
Armor: Animal skin       |     6 |       |       |       |       ||     6
       Chain mail        |    11 |    69 |    98 |   113 |    97 ||   388
Dodge: Dodged            |    42 |    59 |   107 |   161 |   120 ||   489
Block: Kite shield       |       |       |       |   135 |   140 ||   275

Table legend: (Time is in decaauts)
 A = Elapsed time spent in this place.
 B = Non-inter-level travel time spent in this place.
 C = Inter-level travel time spent in this place.
 D = Time resting spent in this place.
 E = Time spent auto-exploring this place.
 F = Levels seen in this place.
 G = Mean time per level.
                   A        B        C        D        E       F      G
               +--------+--------+--------+--------+--------+-----+--------+
         Total |  12703 |  12135 |    568 |   1685 |   8253 |  15 |  846.9 |
       Dungeon |  12100 |  11532 |    568 |   1625 |   8090 |  13 |  930.8 |
         Abyss |    221 |    221 |      0 |      0 |      0 |   1 |  221.0 |
        Bailey |    380 |    380 |      0 |     60 |    163 |   1 |  380.0 |
               +--------+--------+--------+--------+--------+-----+--------+

Top non-repeatable levels by time:
    D:12: 1441 daAuts
     D:4: 1279 daAuts
     D:3: 1189 daAuts
     D:1: 1088 daAuts
     D:8: 1082 daAuts
     D:2: 954 daAuts
     D:6: 919 daAuts
     D:5: 877 daAuts
     D:9: 789 daAuts
     D:7: 718 daAuts
    D:13: 649 daAuts
    D:11: 577 daAuts
    D:10: 535 daAuts
  Bailey: 380 daAuts
 Abyss:2: 221 daAuts
